 Dungeon Crawl Stone Soup version 0.26-a0-639-g72c4674329 (webtiles) character file.

Game seed: 12300503116787822900

29 Apogee the Digger (level 3, -7/27 HPs)
             Began as a Ghoul Earth Elementalist on Sept 25, 2020.
             Mangled by Sigmund
             ... wielding a +0 scythe
              (15 damage)
             ... on level 2 of the Dungeon.
             The game lasted 00:03:18 (2180 turns).

Apogee the Digger (Ghoul Earth Elementalist)        Turns: 2180, Time: 00:03:18

Health: -7/27      AC:  2    Str: 11    XL:     3   Next: 16%
Magic:  3/5        EV: 12    Int: 11    God:
Gold:   148        SH:  0    Dex:  9    Spells: 2/6 levels left

rFire    . . .     SeeInvis .   (no weapon)
rCold    + . .     Faith    .   (no shield)
rNeg     + + +     Spirit   .   c - +0 robe
rPois    ∞         Reflect  .   (no helmet)
rElec    .         Harm     .   (no cloak)
rCorr    .         Rampage  .   (no gloves)
MR       .....                  (no boots)
Stlth    +.........             (no amulet)
HPRegen  0.00/turn              (no ring)
MPRegen  0.09/turn              (no ring)

@: confused
A: rotting body, claws 1, cold resistance 1, negative energy resistance 3,
inhibited regeneration, torment resistance, unbreathing
a: no special abilities


You were on level 2 of the Dungeon.
You visited 1 branch of the dungeon, and saw 2 of its levels.

You collected 148 gold pieces.

Inventory:

Missiles
 b - 50 stones (quivered)
Armour
 c - a +0 robe (worn)
 f - a +2 scale mail of cold resistance
   (You found it on level 1 of the Dungeon)
 q - a +0 leather armour
   (You found it on level 2 of the Dungeon)
Jewellery
 a - a cursed amulet of inaccuracy {unknown}
   (You found it on level 1 of the Dungeon)
Scrolls
 e - a scroll of identify {unknown}
 g - a scroll of magic mapping {unknown}
 h - a scroll of teleportation {unknown}
 j - 3 scrolls of immolation {unknown}
 k - a scroll of amnesia {unknown}
 p - a scroll of remove curse {unknown}
Potions
 d - a potion of ambrosia {unknown}
 i - 2 potions of curing {unknown}
 l - a potion of degeneration {unknown}
 m - a potion of cancellation {unknown}
 n - a potion of stabbing {unknown}
 o - a potion of heal wounds {unknown}
 r - 2 potions of invisibility {unknown}


   Skills:
 - Level 0.9 Fighting
 - Level 1.7 Dodging
 - Level 2.1 Stealth
 - Level 0.7 Unarmed Combat
 + Level 2.2 Spellcasting
   Level 0.8 Transmutations
 + Level 3.8 Earth Magic


You had 2 spell levels left.
You knew the following spells:

 Your Spells              Type           Power        Failure   Level
a - Sandblast             Erth           #.....       6%          1
x - Stone Arrow           Conj/Erth      #.....       36%         3

Your spell library contained the following spells:

 Spells                   Type           Power        Failure   Level
 Passwall                 Tmut/Erth      #.......     16%         2
 Petrify                  Tmut/Erth      #.......     71%         4
 Lee's Rapid Deconstruct  Erth           #.........   86%         5


Dungeon Overview and Level Annotations

Branches:
Dungeon (2/15)

Altars:

Annotations:
D:2 Sigmund


Innate Abilities, Weirdness & Mutations

Your body is rotting away.
You thrive by killing the living.
You are immune to poison.
You have sharp fingernails.
Your flesh is cold resistant. (rC+)
You are immune to negative energy. (rN+++)
You do not regenerate when monsters are visible.
You are immune to unholy pain and torment.
You can survive without breathing.


Message History

A frilled lizard is nearby!
The frilled lizard hisses angrily.
The frilled lizard bites you.
You scratch the frilled lizard. The frilled lizard bites you.
You scratch the frilled lizard but do no damage.
The frilled lizard barely misses you.
You closely miss the frilled lizard.
The frilled lizard bites you but does no damage.
You scratch the frilled lizard.
You kill the frilled lizard!
No target in view!
You see here a frilled lizard corpse.
Sigmund the Dreaded comes into view.
He is wielding a +0 scythe.
Aim: Sigmund, wielding a +0 scythe and wearing a +0 robe (asleep)
You miscast Sandblast.
You are very lightly contaminated with residual magic.
Nothing appears to happen.
Aim: Sigmund, wielding a +0 scythe and wearing a +0 robe (asleep)
The blast of sand hits Sigmund!
Sigmund shouts!
b - 51 stones Sigmund casts a spell at you.
You are confused.
You're too confused to cast spells.
Sorry, you're not good enough to have a special ability.
Unknown command.
You bump into the rock wall.
You bump into the rock wall.
Sigmund closely misses you.
You're too confused to move!
Sigmund hits you from afar with a +0 scythe!
Unknown command.
You bump into the rock wall.
You feel less confused.
Your magical contamination has completely faded away.
Aim: Sigmund, wielding a +0 scythe and wearing a +0 robe (moderately wounded)
The blast of sand hits Sigmund.
b - 50 stones Sigmund points at you and mumbles some strange words.
You are confused.
Sigmund casts a spell at you. The magic dart hits you!
* * * LOW HITPOINT WARNING * * *
You're too confused to move!
Sigmund is suddenly surrounded by pale red light.
You're too confused to cast spells.
Sorry, you're not good enough to have a special ability.
You bump into the rock wall.
Sigmund hits you from afar with a +0 scythe!
Ouch! That really hurt!
You die...

#.#....##
##.......##
#.###..#
##.....##
#.###..#
##...##
#......#
##+#
#####.##
#.# #.# #.#
#@# #.# #@#
#...@....
#########


You could see Sigmund.

Vanquished Creatures
  A dart slug (D:2)
  A leopard gecko (D:1)
  4 bats
  A giant cockroach (D:1)
  3 hobgoblins (D:1)
  3 jackals (D:1)
  2 kobolds
  A quokka (D:2)
  3 frilled lizards
  7 rats
26 creatures vanquished.

Notes
Turn   | Place    | Note
-------+----------+-------------------------------------------
     0 | D:1      | Apogee the Ghoul Earth Elementalist began the quest for the
                  | Orb.
     0 | D:1      | Reached XP level 1. HP: 14/14 MP: 2/2
   296 | D:1      | Reached XP level 2. HP: 11/20 MP: 4/4
  1352 | D:2      | Reached XP level 3. HP: 18/27 MP: 5/5
  1683 | D:2      | Learned a level 3 spell: Stone Arrow
  2169 | D:2      | Noticed Sigmund
  2180 | D:2      | Mangled by Sigmund

Illustrated notes

Levels and vault maps discovered:
D:1:      zelgadis_glass_arrival_small, layout_loops_ring
D:2:      layout_loops_corners, supply_closet_lemuel, uniq_sigmund

Skill      XL: |  1 |
---------------+----+-----
Spellcasting   | 2 |  2.2
Fighting       | |  0.9
Dodging        | |  1.7
Stealth        | |  2.1
Unarmed Combat | |  0.7
Transmutations | |  0.8
Earth Magic    | |  3.8

Action                   || total
-------------------------++-------
Melee: Unarmed           ||   143
 Cast: Sandblast         ||     5
Armor: Robe              ||    12
       Scale mail        ||    40
Dodge: Dodged            ||    90

Table legend: (Time is in decaauts)
 A = Elapsed time spent in this place.
 B = Non-inter-level travel time spent in this place.
 C = Inter-level travel time spent in this place.
 D = Time resting spent in this place.
 E = Time spent auto-exploring this place.
 F = Levels seen in this place.
 G = Mean time per level.
                   A        B        C        D        E       F      G
               +--------+--------+--------+--------+--------+-----+--------+
         Total |   2179 |   2091 |     88 |    609 |   1120 |   2 | 1089.5 |
       Dungeon |   2179 |   2091 |     88 |    609 |   1120 |   2 | 1089.5 |
               +--------+--------+--------+--------+--------+-----+--------+

Top non-repeatable levels by time:
     D:1: 1249 daAuts
     D:2: 930 daAuts
